 Dungeon Crawl Stone Soup version 0.27-a0-277-g024f7ef292 (webtiles) character file.

Game seed: 4555296603736379566

6402 Borgoz the Grappler (level 10, -2/91 HPs)
             Began as a Ghoul Gladiator on Feb 5, 2021.
             Slain by a molten gargoyle
             ... wielding a +2 mace of protection
              (12 damage)
             ... on level 9 of the Dungeon.
             The game lasted 00:10:11 (8805 turns).

Borgoz the Grappler (Ghoul Gladiator)               Turns: 8805, Time: 00:10:12

Health: -2/91      AC: 20    Str: 19    XL:     10   Next: 98%
Magic:  9/9        EV: 15    Int:  3    God:
Gold:   245        SH:  5    Dex: 13    Spells: 9/9 levels left

rFire    . . .     SeeInvis .     - Unarmed
rCold    + . .     Faith    .   (no shield)
rNeg     + + +     Spirit   .   o - +4 chain mail of Grace {Slay+2}
rPois    ∞         Reflect  +   b - +1 helmet
rElec    .         Harm     .   d - +2 cloak
rCorr    .         Rampage  .   (no gloves)
Will     .....                  (no boots)
Stlth    ..........             r - amulet of reflection
HPRegen  0.00/turn              p - +4 ring of slaying
MPRegen  0.11/turn              x - +4 ring of evasion (curse)

@: no status effects
A: claws 1, cold resistance 1, negative energy resistance 3, inhibited
regeneration, torment resistance, unbreathing
a: no special abilities


You were on level 9 of the Dungeon.
You visited 2 branches of the dungeon, and saw 10 of its levels.
You also visited: Ossuary.

You collected 491 gold pieces.
You spent 246 gold pieces at shops.

Inventory:

Missiles
 c - 3 throwing nets (quivered)
Armour
 b - a +1 helmet (worn)
 d - a +2 cloak (worn)
 e - a +2 leather armour of cold resistance
 o - the +4 chain mail of Grace (worn) {Slay+2}
   (You bought it in a shop on level 5 of the Dungeon)

   It affects your accuracy and damage with ranged weapons and melee attacks
   (+2).
 q - a +1 scale mail of fire resistance
Jewellery
 p - a +4 ring of slaying (left claw)
 r - an amulet of reflection (around neck)
 x - a cursed +4 ring of evasion (right claw)
Scrolls
 f - 2 scrolls of magic mapping
 g - 2 scrolls of fear {unknown}
 h - 3 scrolls of teleportation
 j - 4 scrolls of enchant weapon
 l - 5 scrolls of remove curse
 n - 4 scrolls of enchant armour
 s - a scroll of immolation {unknown}
 u - 2 scrolls of fog {unknown}
 y - a scroll of blinking
 B - 2 scrolls of holy word {unknown}
Potions
 a - 4 potions of curing
 i - a potion of heal wounds
 k - 2 potions of might
 v - 2 potions of cancellation
 w - 2 potions of brilliance
 z - a potion of resistance
 A - a potion of flight


   Skills:
 + Level 9.2 Fighting
 - Level 1.7 Throwing
 + Level 7.3 Armour
 + Level 8.0 Dodging
 + Level 9.5 Unarmed Combat


You had 9 spell levels left.
You didn't know any spells.
Your spell library contained the following spells:

 Spells                   Type           Power        Failure   Level
 Animate Skeleton         Necr           0%           99%         1
 Pain                     Necr           0%           99%         1
 Sandblast                Erth           0%           99%         1
 Shock                    Conj/Air       0%           99%         1
 Passwall                 Tmut/Erth      0%           100%        2
 Swiftness                Air            0%           100%        2
 Static Discharge         Conj/Air       0%           100%        3
 Stone Arrow              Conj/Erth      0%           100%        3
 Vampiric Draining        Necr           0%           100%        3
 Airstrike                Air            0%           100%        4
 Animate Dead             Necr           0%           100%        4
 Petrify                  Tmut/Erth      0%           100%        4
 Agony                    Necr           0%           100%        5
 Lee's Rapid Deconstruct  Erth           0%           100%        5
 Lightning Bolt           Conj/Air       0%           100%        5


Dungeon Overview and Level Annotations

Branches:
Dungeon (9/15)             Temple (1/1) D:6            Lair (0/6) D:8
Ossuary (visited)
    Orc: D:9-12

Altars:
Dithmenos
Elyvilon
Fedhas
Gozag
Kikubaaqudgha
Makhleb
Nemelex Xobeh
Qazlal
Ru
Sif Muna
Trog
Wu Jian
Xom
Zin
The Shining One
Lugonu

Shops:
D:5 [[   D:6 *   D:7 ?   D:8 [


Innate Abilities, Weirdness & Mutations

You thrive by killing the living.
You are immune to poison.
You have sharp fingernails.
Your flesh is cold resistant. (rC+)
You are immune to negative energy. (rN+++)
You do not regenerate when monsters are visible.
You are immune to unholy pain and torment.
You can survive without breathing.


Message History

The molten gargoyle hits you with a +2 mace of protection.
You are engulfed in flames!
* * * LOW HITPOINT WARNING * * *
The scorpion stings you but does no damage.
You closely miss the molten gargoyle. The molten gargoyle closely misses you.
You block the scorpion's attack.
You mangle the scorpion!!
You kill the scorpion!
You feel better.
You scratch the molten gargoyle but do no damage.
The molten gargoyle blasts magma at you!
The bolt of magma hits you!
* * * LOW HITPOINT WARNING * * *
Your chain mail of Grace prevents you from hitting the molten gargoyle.
The molten gargoyle blasts magma at you!
The bolt of magma misses you.
The molten gargoyle hits you with a +2 mace of protection!
* * * LOW HITPOINT WARNING * * *
You are engulfed in flames!
You die...

.#.#..## .#.#.#...
≈...#...# ≈≈§..#... ##
≈≈§.#...######.##
≈≈..#:.........#
#.))........#
≈§.#9@.....# ##
#.9......## ...
≈...#........# ....
#.#.#........## #....
#.#.#........###.....
............#.........
.....[...>..##......#
##.........##...####.
#.........#.........


You could see 2 molten gargoyles.

Vanquished Creatures
  2 molten gargoyles (D:9)
  Joseph (D:7)
  A troll (D:8)
  A queen bee (D:8)
  Prince Ribbit (D:9)
  A hornet (D:9)
  A yak (D:8)
  A hornet zombie (D:7)
  3 black bears
  2 sky beasts (D:5)
  An orc warrior (D:8)
  2 ice beasts
  A necrophage (D:7)
  5 ogres
  A centaur (D:5)
  3 phantoms
  3 elf zombies
  A gnoll sergeant (D:8)
  3 bullfrogs
  An elf skeleton (D:8)
  4 scorpions
  2 water moccasin skeletons
  12 killer bees (D:8)
  2 howler monkeys (D:8)
  A quasit (D:6)
  10 hounds
  3 human zombies
  A lava snake (D:8)
  3 orc priests
  A gnoll shaman (D:4)
  A human skeleton (D:8)
  2 bullfrog skeletons
  3 iguanas
  4 orc wizards
  7 worker ants
  A killer bee zombie (D:8)
  A big kobold zombie (Ossuary)
  A hound zombie (Ossuary)
  4 mummies (Ossuary)
  13 gnolls
  10 adders
  A white imp (D:9)
  An ufetubus (D:8)
  An ooze (D:1)
  An adder zombie (Ossuary)
  An adder skeleton (D:8)
  5 worms
  A dart slug (D:2)
  6 leopard geckos
  23 orcs
  3 bats
  7 giant cockroaches
  9 goblins
  4 hobgoblins
  15 jackals
  6 quokkas
  A ball python (D:3)
  3 frilled lizards
  2 gnoll zombies (Ossuary)
  A hobgoblin zombie (Ossuary)
  2 jackal zombies (Ossuary)
  5 kobolds
  A kobold zombie (Ossuary)
  2 leopard gecko skeletons
  An orc zombie (D:8)
  8 rats
231 creatures vanquished.

Vanquished Creatures (others)
  10 plants (D:8)
10 creatures vanquished.

Grand Total: 241 creatures vanquished

Notes
Turn   | Place    | Note
-------+----------+-------------------------------------------
     0 | D:1      | Borgoz the Ghoul Gladiator began the quest for the Orb.
     0 | D:1      | Reached XP level 1. HP: 17/17 MP: 0/0
   326 | D:1      | Reached XP level 2. HP: 24/25 MP: 1/1
   887 | D:2      | Reached skill level 1 in Armour
   887 | D:2      | Reached XP level 3. HP: 16/30 MP: 2/2
  1416 | D:2      | Reached XP level 4. HP: 31/38 MP: 3/3
  1910 | D:3      | Found a bloodstained altar of Trog.
  1938 | D:3      | Found a glowing golden altar of the Shining One.
  1944 | D:3      | Found a sparkling altar of Nemelex Xobeh.
  2015 | D:3      | Reached XP level 5. HP: 7/45 MP: 4/4
  2342 | D:3      | Reached XP level 6. HP: 35/52 MP: 5/5
  2477 | D:3      | Found a white marble altar of Elyvilon.
  3692 | D:4      | Reached skill level 5 in Unarmed Combat
  3692 | D:4      | Reached XP level 7. HP: 60/60 MP: 6/6
  3728 | D:5      | Entered Level 5 of the Dungeon
  3821 | D:5      | Found a shimmering blue altar of Sif Muna.
  3848 | D:5      | Found Utoasm's Antique Armour Emporium.
  4385 | D:5      | Reached skill level 5 in Fighting
  4752 | D:5      | Reached XP level 8. HP: 29/68 MP: 7/7
  4937 | D:5      | Found a shimmering altar of Xom.
  5043 | D:5      | Reached skill level 5 in Dodging
  5207 | D:5      | Found Jevevyn's Antique Armour Boutique.
  5210 | D:5      | Bought a topaz-encrusted chain mail for 180 gold pieces
  5220 | D:5      | Identified the +4 chain mail of Grace {Slay+2} (You bought
                  | it in a shop on level 5 of the Dungeon)
  5465 | D:6      | Found Yluck's Mass Market.
  5876 | D:6      | Found a staircase to the Ecumenical Temple.
  5908 | Temple   | Entered the Ecumenical Temple
  5989 | D:7      | Found a burning altar of Makhleb.
  6184 | D:7      | Reached XP level 9. HP: 40/78 MP: 8/8
  6618 | D:7      | Noticed Joseph
  6625 | D:7      | Reached skill level 5 in Armour
  6629 | D:7      | Killed Joseph
  6824 | D:7      | Found Titor's Magic Scroll Emporium.
  6880 | D:7      | Bought 3 scrolls of identify for 66 gold pieces
  7101 | D:8      | Found Enahir's Armour Shop.
  7112 | D:8      | Noticed a troll
  7121 | D:8      | Killed a troll
  7225 | D:8      | Found a sand-covered staircase.
  7238 | Ossuary  | Entered an ossuary
  7660 | D:8      | Reached XP level 10. HP: 84/88 MP: 9/9
  8307 | D:8      | Found a staircase to the Lair.
  8720 | D:9      | Noticed Prince Ribbit
  8732 | D:9      | Killed Prince Ribbit
  8777 | D:9      | Noticed a molten gargoyle
  8779 | D:9      | Noticed a molten gargoyle
  8784 | D:9      | Killed a molten gargoyle
  8796 | D:9      | Noticed a molten gargoyle
  8798 | D:9      | Noticed a molten gargoyle
  8800 | D:9      | Killed a molten gargoyle
  8805 | D:9      | Slain by a molten gargoyle

Illustrated notes

Levels and vault maps discovered:
D:1:      shiori_shiawase, layout_loops_ring
D:2:      layout_rooms
D:3:      layout_rooms, minmay_overflow_temple_star_quad, elyvilon_altar_3
D:4:      layout_basic
D:5:      layout_basic, lemuel_doored_altar, lemuel_blue_sif_altar,
          serial_shops, kennysheep_mini, kennysheep_mini_moat,
          minmay_misc_feat_encased, minivault_1
D:6:      layout_basic, minmay_temple_entry_glassed_door, minmay_shop_mass
D:7:      layout_basic, makhleb_heckhound_becter, serial_shops,
          nicolae_shop_window_shopping, uniq_joseph
D:8:      hangedman_cross_stitches, layout_gridville, lair_entry_dummy,
          serial_shops, nicolae_shop_competitors_out_of_business,
          nicolae_ossuary_entry_catacombs, kennysheep_path_1,
          nicolae_looking_at_the_future
D:9:      layout_cave_pools, grunt_temple_overflow_octagram, minivault_8,
          uniq_prince_ribbit1
Temple:   corrupted_temple

Skill      XL: |  1  2  3  4  5  6  7  8  9 10 |
---------------+-------------------------------+-----
Armour         | 1 2 3 4 6 7 |  7.3
Dodging        | 3 4 5 6 8 |  8.0
Fighting       | 3 4 5 6 7 9 |  9.2
Unarmed Combat | 4 5 6 8 9 |  9.5
Throwing       | |  1.7

Action                   |  1- 3 |  4- 6 |  7- 9 | 10-12 || total
-------------------------+-------+-------+-------+-------++-------
Melee: Unarmed           |   114 |   224 |   365 |   183 ||   886
       Punch             |     1 |     7 |    17 |     7 ||    32
Throw: Throwing net      |     1 |       |       |       ||     1
  Use: Potion            |     1 |     2 |     1 |     1 ||     5
       Scroll            |       |     5 |    10 |     3 ||    18
 Stab: Held in net/web   |     1 |       |       |       ||     1
Armor: Leather armour    |    32 |    27 |    49 |       ||   108
       Ring mail         |       |    35 |       |       ||    35
       Chain mail        |       |       |   216 |    83 ||   299
Dodge: Dodged            |    68 |   136 |   286 |   137 ||   627
Block: Other             |       |       |       |    48 ||    48
       Reflection        |       |       |       |     2 ||     2

Table legend: (Time is in decaauts)
 A = Elapsed time spent in this place.
 B = Non-inter-level travel time spent in this place.
 C = Inter-level travel time spent in this place.
 D = Time resting spent in this place.
 E = Time spent auto-exploring this place.
 F = Levels seen in this place.
 G = Mean time per level.
                   A        B        C        D        E       F      G
               +--------+--------+--------+--------+--------+-----+--------+
         Total |   8701 |   8404 |    297 |   1373 |   5390 |  11 |  791.0 |
       Dungeon |   8344 |   8060 |    284 |   1256 |   5264 |   9 |  927.1 |
        Temple |     45 |     32 |     13 |      0 |     31 |   1 |   45.0 |
       Ossuary |    311 |    311 |      0 |    117 |     95 |   1 |  311.0 |
               +--------+--------+--------+--------+--------+-----+--------+

Top non-repeatable levels by time:
     D:5: 1680 daAuts
     D:8: 1292 daAuts
     D:7: 1096 daAuts
     D:4: 1069 daAuts
     D:2: 1007 daAuts
     D:3: 834 daAuts
     D:1: 789 daAuts
     D:6: 497 daAuts
 Ossuary: 311 daAuts
     D:9: 77 daAuts
  Temple: 45 daAuts
